Map: Triton LE

Players

LeroyJenkins - Winner!

  • Race: Terran Terran
  • League: Silver
  • Spawn Location: 5:00

CammyG

  • Race: Protoss Protoss
  • League: Gold
  • Spawn Location: 11:00

VOD

Have the link to the VOD?

Description

Respecting macro saved my bacon! It wasn't perfect but it worked out in the end.

Time

  • Played on: Feb. 15, 2020, 5:59 p.m.
  • Length: 21:44
Show
View Real Time Build Order
Export as new Build Order

LeroyJenkins Terran - Winner!

Build Orders: 2 Factory, Mech 

Get SALT Encoding   

  12  0:00  SCV  
  13  0:13  SCV  
  14  0:18  Supply Depot  
  14  0:25  SCV  
  15  0:40  SCV  
  16  0:42  Barracks  
  16  0:47  Refinery  
  16  0:52  SCV  
  17  1:05  SCV  
  18  1:17  SCV  
  19  1:37  Barracks Tech Lab  
  19  1:40  Orbital Command  
  19  1:43  Command Center  
  19  2:02  Supply Depot  
  19  2:11  Factory  
  19  2:12  SCV  
  20  2:20  Marine  
  21  2:24  SCV  
  22  2:36  SCV  
  23  2:48  SCV  
  24  2:57  Factory  
  24  3:02  Refinery  
  24  3:06  SCV  
  24  3:08  Orbital Command  
  25  3:18  SCV  
  26  3:29  Siege Tank  
  26  3:30  SCV  
  30  3:38  SCV  
  31  3:42  SCV  
  31  3:45  Factory Reactor  
  32  3:58  Engineering Bay  
  32  4:00  Armory  
  32  4:01  SCV x2  
  34  4:04  Refinery  
  34  4:07  Refinery  
  34  4:09  Supply Depot  
  34  4:13  SCV x2  
  36  4:20  Siege Tank  
  39  4:25  SCV  
  40  4:32  Supply Depot  
  40  4:33  Hellion x2  
  40  4:37  Missile Turret  
  44  4:39  SCV x2  
  46  4:46  Command Center  
  46  4:51  SCV x2  
  48  4:54  Supply Depot  
  48  4:57  Siege Tank  
  48  4:59  Hellion  
  53  5:00  Hellion  
  53  5:03  SCV x2  
  57  5:15  SCV x2  
  59  5:25  Hellbat x2  
  59  5:27  SCV x2  
  65  5:29  Supply Depot  
  65  5:40  Siege Tank  
  68  5:47  SCV x2  
  70  5:55  Hellbat x2  
  74  5:59  SCV  
  74  6:00  SCV  
  76  6:05  Command Center  
  76  6:09  Terran Vehicle Weapons Level 1  
  76  6:12  Thor, SCV x2  
  84  6:19  Supply Depot  
  84  6:24  SCV x2  
  86  6:36  Refinery  
  86  6:40  Orbital Command  
  86  6:41  Refinery  
  86  6:50  SCV x2  
  86  6:52  Hellbat x2  
  92  6:55  Thor  
  98  7:02  SCV  
  92  7:09  Factory x2  
  92  7:11  Factory  
  92  7:12  Factory x2  
  79  7:29  SCV x2  
  67  7:30  SCV  
  63  7:41  SCV  
  63  7:42  SCV x2  
  59  7:54  SCV  
  59  7:58  Hellion x2  
  62  7:59  Thor  
  53  8:42  Thor  
  59  8:49  SCV x2  
  59  8:50  Missile Turret  
  56  9:01  SCV  
  56  9:02  SCV  
  45  9:13  SCV  
  45  9:14  SCV  
  39  9:25  Thor  
  39  9:29  SCV x2  
  45  9:39  Orbital Command, Missile Turret  
  45  9:40  Factory Tech Lab  
  45  9:41  SCV x2, Factory Tech Lab  
  45  9:42  Factory Reactor  
  46  9:53  SCV x2  
  48  10:05  SCV x2  
  50  10:07  Thor  
  50  10:08  Missile Turret x2  
  50  10:09  Missile Turret  
  50  10:11  Missile Turret  
  56  10:14  Command Center  
  56  10:17  Hellbat x2, SCV  
  56  10:18  SCV  
  62  10:29  SCV  
  62  10:30  SCV  
  64  10:42  SCV x2  
  66  10:50  Thor  
  72  11:05  SCV x2  
  74  11:17  SCV x2  
  76  11:20  Orbital Command  
  76  11:24  Factory Tech Lab  
  76  11:26  Command Center  
  76  11:27  Factory Reactor  
  76  11:29  SCV x2  
  76  11:30  Orbital Command  
  78  11:34  Terran Vehicle Weapons Level 2  
  78  11:37  Armory  
  78  11:39  Missile Turret  
  78  11:41  SCV x2  
  80  11:48  SCV  
  80  11:53  SCV x2  
  83  11:56  Refinery  
  83  12:00  SCV, Refinery  
  84  12:05  SCV x2  
  84  12:07  SCV  
  84  12:08  Missile Turret x2  
  87  12:10  Thor  
  87  12:11  Thor, Missile Turret  
  87  12:12  Missile Turret, Hellion  
  87  12:13  SCV  
  87  12:14  Missile Turret  
  102  12:17  SCV  
  102  12:18  SCV  
  102  12:19  SCV  
  105  12:25  SCV  
  106  12:34  SCV  
  106  12:35  SCV x2  
  109  12:37  SCV  
  109  12:38  Missile Turret  
  110  12:46  SCV  
  110  12:47  SCV x2  
  110  12:49  SCV  
  114  12:51  Starport  
  114  12:59  SCV x3  
  114  13:01  SCV  
  118  13:10  Command Center  
  118  13:11  Thor, SCV  
  118  13:12  Thor  
  131  13:24  Command Center  
  131  14:02  Starport Tech Lab  
  131  14:15  Refinery  
  131  14:16  Refinery  
  131  14:20  Terran Vehicle Weapons Level 3, Terran Vehicle And Ship Armor Level 1  
  131  14:30  Neosteel Armor  
  131  14:35  SCV x4, Siege Tank  
  131  14:36  Hellbat x3, Hellion  
  146  14:38  Missile Turret  
  146  14:46  Missile Turret x2  
  146  14:47  Missile Turret  
  146  14:48  Missile Turret  
  146  14:49  Missile Turret  
  146  14:50  Planetary Fortress  
  146  15:00  Supply Depot x2, Missile Turret  
  146  15:02  Thor x2, SCV x2  
  146  15:03  Supply Depot, SCV x2  
  162  15:08  Missile Turret  
  162  15:11  Missile Turret  
  162  15:21  Thor, SCV x2  
  162  15:22  Hellbat x2, SCV x2, Raven  
  162  15:24  Supply Depot  
  162  15:25  Thor  
  184  15:32  Factory Reactor  
  184  15:33  SCV x2  
  186  15:45  Thor  
  186  15:46  Hellbat  
  194  16:01  Command Center  
  194  16:10  Hi-Sec Auto Tracking  
  194  16:15  Supply Depot  
  194  16:16  Supply Depot  
  194  16:31  SCV x2  
  200  16:39  Raven  
  198  16:57  Hellion x2  
  200  17:02  Factory x2  
  200  17:04  Factory x2  
  200  17:06  Factory  
  198  17:09  Factory  
  198  17:40  Planetary Fortress  
  196  18:07  Refinery  
  196  18:10  Refinery  
  196  18:18  Factory Tech Lab x2  
  196  18:20  Factory Reactor x2  
  196  18:29  Factory  
  196  18:37  Factory  
  196  18:39  Factory  
  196  18:43  Factory  
  196  18:45  Factory  
  196  18:47  Terran Vehicle And Ship Armor Level 2  
  174  19:35  Thor x4  
  174  19:36  Hellbat  
  186  20:10  Thor x2  
  186  20:11  Hellbat x2  
Show
View Real Time Build Order
Export as new Build Order

CammyG Protoss 

Build Orders: Carriers, Dark Templar Rush 

Get SALT Encoding   

  12  0:01  Probe (Chrono Boost)  
  13  0:11  Probe (Chrono Boost)  
  14  0:22  Pylon  
  14  0:26  Probe  
  15  0:30  Assimilator  
  15  0:40  Probe  
  16  0:47  Gateway  
  16  1:00  Forge  
  16  1:11  Gateway  
  16  1:21  Gateway  
  16  1:25  Probe  
  17  1:31  Pylon  
  17  1:40  Assimilator  
  17  1:42  Probe (Chrono Boost)  
  18  1:48  Zealot  
  18  1:52  Probe (Chrono Boost)  
  21  2:05  Assimilator  
  21  2:07  Cybernetics Core  
  21  2:11  Probe (Chrono Boost)  
  22  2:22  Probe (Chrono Boost)  
  23  2:28  Photon Cannon  
  23  2:39  Photon Cannon  
  23  2:46  Warp Gate  
  23  3:02  Twilight Council  
  23  3:12  Robotics Facility  
  23  3:17  Probe (Chrono Boost)  
  25  3:27  Probe (Chrono Boost)  
  25  3:32  Probe (Chrono Boost)  
  26  3:42  Dark Shrine  
  26  3:46  Probe  
  27  3:58  Probe  
  27  4:01  Observer  
  29  4:09  Pylon  
  29  4:14  Probe  
  30  4:25  Photon Cannon  
  30  4:27  Photon Cannon  
  30  4:48  Shadow Stride (Chrono Boost)  
  30  4:56  Protoss Ground Weapons Level 1  
  30  4:59  Dark Templar  
  32  5:00  Dark Templar  
  34  5:11  Dark Templar  
  36  5:24  Pylon  
  36  5:33  Dark Templar  
  38  5:45  Dark Templar  
  40  5:54  Nexus  
  40  6:14  Dark Templar  
  42  6:22  Dark Templar  
  44  6:30  Probe (Chrono Boost)  
  45  6:37  Assimilator  
  46  6:41  Probe (Chrono Boost)  
  46  6:45  Probe (Chrono Boost)  
  46  6:53  Stargate  
  47  6:56  Photon Cannon  
  47  7:05  Probe  
  48  7:18  Probe  
  41  8:11  Fleet Beacon  
  41  8:17  Stargate  
  37  9:58  Carrier  
  47  10:00  Carrier  
  47  10:07  Pylon  
  47  10:18  Pylon  
  47  10:21  Protoss Shields Level 1  
  47  10:22  Pylon  
  47  10:30  Cybernetics Core  
  47  10:33  Protoss Air Weapons Level 1  
  47  10:38  Stargate  
  47  10:40  Photon Cannon  
  47  10:42  Photon Cannon  
  47  10:47  Photon Cannon  
  47  10:49  Stargate  
  47  10:55  Observer  
  47  11:11  Carrier x2  
  59  11:16  Observer  
  60  11:27  Carrier  
  60  11:32  Nexus  
  66  11:44  Pylon  
  66  11:46  Pylon  
  66  11:48  Protoss Air Armor Level 1  
  66  11:54  Pylon  
  66  12:03  Assimilator  
  66  12:05  Assimilator  
  66  12:07  Carrier  
  72  12:15  Photon Cannon  
  72  12:16  Photon Cannon  
  72  12:21  Photon Cannon  
  72  12:22  Photon Cannon  
  72  12:25  Photon Cannon  
  72  12:45  Probe (Chrono Boost)  
  72  12:48  Protoss Air Weapons Level 2  
  73  12:56  Probe (Chrono Boost)  
  74  13:00  Probe (Chrono Boost)  
  81  13:05  Carrier  
  81  13:11  Probe  
  82  13:23  Probe  
  83  13:35  Probe  
  83  13:40  Carrier  
  90  13:47  Probe (Chrono Boost)  
  91  13:58  Carrier  
  91  14:00  Probe (Chrono Boost)  
  98  14:04  Protoss Shields Level 2  
  98  14:05  Probe (Chrono Boost)  
  99  14:14  Probe  
  100  14:22  Protoss Air Armor Level 2  
  100  14:26  Probe  
  101  14:35  Robotics Bay  
  101  14:38  Probe  
  102  14:43  Stargate  
  102  14:48  Carrier  
  102  14:51  Probe (Chrono Boost)  
  109  15:03  Probe (Chrono Boost)  
  110  15:09  Carrier  
  116  15:27  Gravitic Boosters  
  116  15:34  Pylon  
  116  15:35  Pylon  
  116  15:37  Pylon  
  116  15:38  Pylon  
  116  16:12  Nexus, Protoss Air Weapons Level 3  
  116  16:25  Assimilator  
  116  16:29  Assimilator  
  116  16:40  Pylon  
  116  16:42  Pylon  
  116  16:44  Pylon  
  116  17:05  Photon Cannon  
  116  17:07  Photon Cannon  
  116  17:08  Protoss Air Armor Level 3  
  116  17:09  Photon Cannon  
  116  17:12  Photon Cannon  
  116  17:17  Photon Cannon  
  116  17:24  Photon Cannon  
  116  17:30  Photon Cannon  
  116  17:44  Carrier  
  122  18:06  Pylon  
  122  18:09  Pylon  
  122  18:11  Pylon  
  122  18:12  Pylon  
  122  18:14  Pylon  
  122  18:16  Carrier  
  128  18:21  Probe (Chrono Boost)  
  129  18:32  Probe (Chrono Boost)  
  130  18:37  Probe (Chrono Boost)  
  130  18:39  Pylon  
  130  18:41  Pylon  
  131  18:43  Pylon  
  131  18:47  Observer  
  131  18:48  Probe (Chrono Boost)  
  133  18:49  Carrier  
  139  19:00  Probe (Chrono Boost)  
  140  19:08  Probe (Chrono Boost), Observer  
  140  19:14  Probe  
  123  19:26  Probe  
  88  19:38  Carrier  
  88  19:39  Carrier  
Tags
 
Composition
CarriersMech
Matchup
PvT
Opening
2 Factory
Spawn Locations
Cross Positions
Add a new tag
Caveats
  • Supply blocks, unpowered buildings, or Contaminate may cause inaccurate times.
  • Supply counts are checked every 10 seconds.